 Dungeon Crawl Stone Soup version 0.20.1-1-g8b1a95d (webtiles) character file.

6803 Gargoyl the Cleaver (level 10, -1/88 HPs)
             Began as a Minotaur Abyssal Knight on July 6, 2017.
             Was an Elder of Lugonu.
             Slain by a yak (7 damage)
             ... on level 11 of the Dungeon.
             The game lasted 00:14:31 (10185 turns).

Gargoyl the Cleaver (Minotaur Abyssal Knight)      Turns: 10185, Time: 00:14:31

Health: -1/88      AC: 15    Str: 21    XL:     10   Next: 76%
Magic:  14/14      EV:  9    Int:  9    God:    Lugonu [****..]
Gold:   340        SH:  5    Dex: 16    Spells: 9/9 levels left

rFire    . . .     SeeInvis .   s - +3 war axe
rCold    . . .     Gourm    .   k - +0 buckler
rNeg     . . .     Faith    .   E - +3 chain mail {MR+}
rPois    .         Spirit   .   (helmet restricted)
rElec    .         Reflect  .   (no cloak)
rCorr    .         Harm     .   (no gloves)
MR       +....                  (no boots)
Stlth    ..........             (no amulet)
Regen    0.3/turn               B - +3 ring of strength
MPRegen  0.2/turn               C - +4 ring of dexterity

@: no status effects
A: retaliatory headbutt, horns 2
a: Depart the Abyss, Bend Space, Banish, Corrupt, Renounce Religion


You were on level 11 of the Dungeon.
You worshipped Lugonu.
Lugonu was greatly pleased with you.
You were very hungry.

You visited 1 branch of the dungeon, and saw 11 of its levels.
You visited the Abyss 1 time.

You collected 501 gold pieces.
You spent 161 gold pieces at shops.

Inventory:

Hand Weapons
 a - a +1 hand axe
 s - a +3 war axe (weapon)
 H - a +0 antimagic broad axe
Armour
 k - a +0 buckler (worn)
 E - a +3 chain mail of magic resistance (worn)
Jewellery
 z - an uncursed ring of fire
 B - a +3 ring of strength (left hand)
 C - a +4 ring of dexterity (right hand)
Wands
 h - a wand of flame (15/48)
 w - a wand of polymorph (17/24)
Scrolls
 j - a scroll of identify
 m - 3 scrolls of remove curse
 n - a scroll of recharging
 r - 3 scrolls of fog
 t - 6 scrolls of teleportation
 u - a scroll of blinking
 D - 3 scrolls of amnesia
Potions
 e - 2 potions of flight
 f - 4 potions of brilliance {unknown}
 g - 3 potions of might
 o - 2 potions of lignification {unknown}
 p - 3 potions of haste
 q - 4 potions of curing {unknown}
 x - a potion of agility {unknown}
 A - 2 potions of heal wounds
Books
 d - a book of Necromancy

   Spells                             Type                      Level
   a - Pain                           Necromancy                   1
   b - Animate Skeleton               Necromancy                   1
   c - Vampiric Draining              Necromancy                   3
   d - Regeneration                   Charms/Necromancy            3
   e - Animate Dead                   Necromancy                   4
   f - Control Undead                 Necromancy                   4
 y - a book of Maledictions

   Spells                             Type                      Level
   a - Corona                         Hexes                        1
   b - Ensorcelled Hibernation        Hexes/Ice                    2
   c - Confuse                        Hexes                        3
   d - Tukima's Dance                 Hexes                        3
   e - Dazzling Spray                 Conjuration/Hexes            3
Comestibles
 b - 4 meat rations
 c - 8 bread rations
 i - 9 fruits
 l - 9 royal jellies


   Skills:
 + Level 8.0 Fighting
 + Level 11.6 Axes
 + Level 0.6 Throwing
 * Level 11.0 Armour
 + Level 2.1 Dodging
 + Level 3.1 Shields
 * Level 7.3 Invocations


You had 9 spell levels left.
You didn't know any spells.

Dungeon Overview and Level Annotations

Branches:
Dungeon (11/15)            Temple (0/1) D:5             Orc (0/2) D:9
   Lair: D:8-11

Altars:
Ashenzari
Cheibriados
Fedhas
Nemelex Xobeh
Qazlal
Ru
Vehumet
Zin
The Shining One

Shops:
D:5 (   D:9 (*

Annotations:
D:10 Erica, Urug


Innate Abilities, Weirdness & Mutations

You reflexively headbutt those who attack you in melee.
You have a pair of horns on your head.


Message History

The yak is severely wounded.
The yak gores you but does no damage.
You closely miss the yak. You headbutt the yak.
The yak is severely wounded.
The yak gores you but does no damage.
You slash the yak!
You kill the yak!
Lugonu accepts your kill.
You slash the yak!
The yak is moderately wounded.
The yak gores you!
* * * LOW HITPOINT WARNING * * *
You hit the yak. You headbutt the yak.
The yak is heavily wounded.
The yak gores you!
* * * LOW HITPOINT WARNING * * *
You barely miss the yak. You headbutt the yak.
The yak is heavily wounded.
The yak gores you!
You die... .###########.#. .(..YYY@†...... ############.#.

You could see 3 yaks.

Vanquished Creatures
  2 two-headed ogres (D:9)
  Pikel (D:7)
  A cyclops (D:9)
  The ghost of Reinor the Nimble, a novice SpEE (D:6)
  Joseph (D:7)
  A human (D:9)
  8 yaks
  Eustachio (D:6)
  A hungry ghost (D:7)
  2 hogs (D:9)
  A water moccasin (D:9)
  2 black bears
  3 ice beasts
  A sky beast (D:8)
  An ogre (D:8)
  3 centaurs
  A big kobold (D:9)
  Blork the orc (D:4)
  A bullfrog (D:9)
  2 scorpions (D:4)
  A howler monkey (D:5)
  A bullfrog zombie (D:5)
  4 crimson imps
  5 hounds
  2 jellies (D:5)
  2 orc priests (D:4)
  4 orc wizards
  4 iguanas
  2 worker ants
  A hound skeleton (D:9)
  3 gnolls (D:5)
  10 adders
  A worm (D:3)
  3 leopard geckos
  30 orcs
  5 bats
  6 giant cockroaches
  9 goblins
  4 hobgoblins
  4 jackals (D:1)
  15 kobolds
  5 quokkas
  2 ball pythons (D:1)
  5 frilled lizards
  A jackal zombie (D:5)
  A quokka skeleton (D:7)
  2 quokka zombies
  7 rats
174 creatures vanquished.

Vanquished Creatures (collateral kills)
  An adder (D:8)
1 creature vanquished.

Vanquished Creatures (others)
  A slave (D:7)
  A wight (D:7)
2 creatures vanquished.

Grand Total: 177 creatures vanquished

Notes
Turn   | Place    | Note
-------+----------+-------------------------------------------
     0 | Abyss:1  | Gargoyl the Minotaur Abyssal Knight began the quest for the Orb.
     0 | Abyss:1  | Reached XP level 1. HP: 19/19 MP: 1/1
    66 | Abyss:3  | Noticed a neqoxec
    73 | Abyss:3  | Noticed a raiju
    74 | D:1      | Escaped the Abyss
   196 | D:1      | Reached XP level 2. HP: 18/27 MP: 2/2
   196 | D:1      | Reached * piety under Lugonu
   617 | D:1      | Reached XP level 3. HP: 33/33 MP: 3/3
  1217 | D:2      | Found a shattered altar of Ashenzari.
  1217 | D:2      | Found a glowing silver altar of Zin.
  1217 | D:2      | Found a snail-covered altar of Cheibriados.
  1409 | D:3      | Reached XP level 4. HP: 34/40 MP: 4/4
  1673 | D:3      | Found a stormy altar of Qazlal.
  1763 | D:3      | Reached ** piety under Lugonu
  2727 | D:4      | Reached XP level 5. HP: 47/47 MP: 6/6
  3033 | D:4      | Noticed Blork the orc
  3038 | D:4      | Killed Blork the orc
  3038 | D:4      | Reached XP level 6. HP: 47/53 MP: 7/7
  3076 | D:4      | Reached skill level 5 in Axes
  3502 | D:4      | Reached skill level 5 in Armour
  3668 | D:5      | Entered Level 5 of the Dungeon
  3766 | D:5      | Reached XP level 7. HP: 40/60 MP: 8/8
  3889 | D:5      | Found a staircase to the Ecumenical Temple.
  3951 | D:5      | Found Joluk's Antique Weapon Emporium.
  4074 | D:5      | Found a glowing golden altar of the Shining One.
  4204 | D:5      | Reached *** piety under Lugonu
  4604 | D:5      | Reached skill level 5 in Fighting
  5042 | D:6      | Reached XP level 8. HP: 34/68 MP: 8/10
  5252 | D:6      | Noticed Reinor's ghost (novice SpEE)
  5264 | D:6      | Reached skill level 1 in Shields
  5277 | D:6      | Noticed Eustachio
  5305 | D:6      | Killed Reinor's ghost
  5312 | D:6      | Killed Eustachio
  5546 | D:6      | Found a blossoming altar of Fedhas.
  5999 | D:7      | Noticed Joseph
  6012 | D:7      | Killed Joseph
  6012 | D:7      | Reached skill level 5 in Invocations
  6012 | D:7      | Reached XP level 9. HP: 31/75 MP: 11/11
  6243 | D:7      | Noticed Pikel
  6266 | D:7      | Killed Pikel
  7670 | D:8      | Found a sparkling altar of Nemelex Xobeh.
  8203 | D:9      | Found Pirutah's Elemental Accessories.
  8262 | D:9      | Found a sacrificial altar of Ru.
  8262 | D:9      | Found a radiant altar of Vehumet.
  8276 | D:9      | Noticed a two-headed ogre
  8289 | D:9      | Killed a two-headed ogre
  8289 | D:9      | Reached skill level 10 in Axes
  8289 | D:9      | Reached skill level 10 in Armour
  8547 | D:9      | Found Kicworr's Antique Weapon Emporium.
  8554 | D:9      | Bought a runed broad axe for 161 gold pieces
  8594 | D:9      | Found a staircase to the Orcish Mines.
  8604 | D:9      | Reached XP level 10. HP: 84/84 MP: 9/13
  9101 | D:9      | Reached **** piety under Lugonu
  9370 | D:9      | Noticed a two-headed ogre
  9384 | D:9      | Killed a two-headed ogre
  9562 | D:9      | Noticed a cyclops
  9570 | D:9      | Killed a cyclops
  9911 | D:10     | Entered Level 10 of the Dungeon
 10148 | D:10     | Noticed an enchanted long sword
 10148 | D:10     | Noticed Urug
 10154 | D:10     | Noticed Erica
 10176 | D:11     | HP: 4/88 [yak (7)]
 10185 | D:11     | Slain by a yak

Skill      XL: |  1  2  3  4  5  6  7  8  9 10 |
---------------+-------------------------------+-----
Fighting       | 4 5 6 8 |  8.0
Axes           | 3 4 6 7 8 10 11 | 11.6
Invocations    | 2 3 4 5 6 7 |  7.3
Armour         | 3 4 5 6 8 10 11 | 11.0
Shields        | 2 3 |  3.1
Dodging        | 2 |  2.1
Throwing       | |  0.6

Action                   |  1- 3 |  4- 6 |  7- 9 | 10-12 || total
-------------------------+-------+-------+-------+-------++-------
Melee: Hand axe          |    85 |    70 |       |       ||   155
       Headbutt          |    10 |    27 |    39 |    31 ||   107
       War axe           |       |    68 |   245 |    97 ||   410
Throw: Javelin           |       |       |     2 |     4 ||     6
Invok: Depart the Abyss  |     1 |       |       |       ||     1
  Use: Scroll            |     6 |     1 |    13 |       ||    20
       Potion            |       |       |     3 |     1 ||     4
  Eat: Chunk             |     2 |     6 |    18 |     3 ||    29
       Royal jelly       |       |       |     1 |       ||     1
Armor: Chain mail        |    83 |       |    47 |    52 ||   182
       Plate armour      |    11 |    88 |   168 |       ||   267
Dodge: Dodged            |    56 |    22 |    57 |    40 ||   175
Block: Buckler           |     2 |    11 |    26 |    20 ||    59
